 Dungeon Crawl Stone Soup version 0.28-a0-1613-gdaab1c2f9b (webtiles) character file.

Game seed: 15210901970743474922

3183 Armakuni the Thaumaturge (level 9, -5/45 HPs)
             Began as a Deep Elf Conjurer on Jan 21, 2022.
             Was a Believer of Vehumet.
             Hit by a boomerang thrown by an orc warrior (15 damage)
             ... on level 7 of the Dungeon.
             The game lasted 00:17:45 (7668 turns).

Armakuni the Thaumaturge (Deep Elf Conjurer)        Turns: 7668, Time: 00:17:45

Health: -5/45      AC:  7    Str:  8    XL:     9   Next: 64%
Magic:  18/35      EV: 12    Int: 24    God:    Vehumet [**....]
Gold:   58         SH:  0    Dex: 19    Spells: 19/30 levels left

rFire   . . .      SeeInvis .   a - +4 long sword (elec)
rCold   . . .      Faith    +   (no shield)
rNeg    . . .      Spirit   .   c - +0 leather armour
rPois   .          Reflect  .   (no helmet)
rElec   .          Harm     .   t - +0 cloak
rCorr   .          Rampage  .   m - +0 pair of gloves
Will    .....                   f - +1 pair of boots
Stlth   ++........              U - amulet of faith
HPRegen 0.15/turn               P - ring of magical power
MPRegen 0.24/turn               D - +6 ring of dexterity

@: very slightly contaminated
A: no striking features
a: Renounce Religion


You were on level 7 of the Dungeon.
You worshipped Vehumet.
Vehumet was pleased with you.
You visited 2 branches of the dungeon, and saw 8 of its levels.

You collected 310 gold pieces.
You spent 252 gold pieces at shops.

Inventory:

Hand Weapons
 a - a +4 long sword of electrocution (weapon)
Missiles
 n - a throwing net
 u - 5 poisoned darts
Armour
 c - a +0 leather armour (worn)
 f - a +1 pair of boots (worn)
 m - a +0 pair of gloves (worn)
 t - a +0 cloak (worn)
Magical Staves
 b - a staff of air
Jewellery
 o - a ring of fire
 D - a +6 ring of dexterity (right hand)
 J - a ring of ice
 P - a ring of magical power (left hand)
 U - an amulet of faith (around neck)
Wands
 e - a wand of mindburst (25)
 h - a wand of acid (6)
 s - a wand of polymorph (10)
 v - a wand of flame (22)
Scrolls
 i - a scroll of vulnerability
 p - a scroll of fog
Potions
 d - a potion of ambrosia
 g - a potion of berserk rage {unknown}
 j - 7 potions of flight
 k - 3 potions of haste {unknown}
 l - a potion of lignification {unknown}
 q - a potion of might {unknown}
 r - a potion of brilliance {unknown}
 w - 2 potions of magic {unknown}


   Skills:
 - Level 2.4 Dodging
 - Level 2.4 Stealth
 + Level 11.2 Spellcasting
 + Level 10.1 Conjurations
 - Level 4.0 Hexes
 - Level 4.0 Translocations
 - Level 5.0 Evocations


You had 19 spell levels left.
You knew the following spells:

 Your Spells              Type           Power      Damage    Failure   Level
a - Magic Dart            Conj           100%       1d8       1%          1
m - Iskenderun's Mystic   Conj/Tloc      47%        2d10      3%          4
p - Fulminant Prism       Conj/Hex       23%        3d13      3%          4
z - Searing Ray           Conj           100%       2d8       1%          2

Your spell library contained the following spells:

 Spells                   Type           Power      Damage    Failure   Level
 Freeze                   Ice            52%        1d7       7%          1
 Dazzling Flash           Conj/Hex       94%        N/A       1%          3


Dungeon Overview and Level Annotations

Branches:
Dungeon (7/15)             Temple (1/1) D:4

Altars:
Elyvilon
Fedhas
Gozag
Hepliaklqana
Kikubaaqudgha
Makhleb
Nemelex Xobeh
Ru
Sif Muna
Vehumet
Wu Jian
Yredelemnul
Zin
The Shining One

Shops:
D:1 (   D:2 *


Message History

The air around you crackles with energy.
You feel yourself slow down.
Casting: Fulminant Prism (dangerous; 3% risk of failure)
Confirm with . or Enter, or press ? or * to list all spells.
Aiming: Fulminant Prism (dangerous; 3% risk of failure)
Press: ? - help, Dir - move target You conjure a prism of explosive energy!
A fulminant prism comes into view.
Aiming: Searing Ray (safe; 1% risk of failure)
Press: ? - help, Q - select action, (/) - cycle Shift-Dir - straight line The searing ray hits the orc warrior.
The orc warrior is lightly wounded. (Press . to maintain the ray.)
The orc warrior throws a boomerang.
The boomerang hits you.
Your fulminant prism crackles loudly.
The searing ray hits the orc warrior but does no damage.
The orc warrior is lightly wounded.
The orc warrior hits you but does no damage.
Your fulminant prism explodes!
The blast of energy engulfs the orc warrior!
The orc warrior is severely wounded.
The orc warrior hits you from afar with a +0 halberd!
Casting: Searing Ray (safe; 1% risk of failure)
Confirm with . or Enter, or press ? or * to list all spells.
Aiming: Fulminant Prism (dangerous; 3% risk of failure)
Press: ? - help, Dir - move target You conjure a prism of explosive energy!
A fulminant prism comes into view.
The orc warrior throws a boomerang.
The boomerang hits you.
Casting: Fulminant Prism (dangerous; 3% risk of failure)
Confirm with . or Enter, or press ? or * to list all spells.
You erupt in a blast of force!
The mystic blast hits the orc warrior but does no damage.
The orc warrior is heavily wounded.
You feel yourself speed up.
The orc warrior throws a boomerang.
The boomerang hits you!
* * * LOW HITPOINT WARNING * * *
Your fulminant prism crackles loudly.
The orc warrior throws a boomerang.
The boomerang hits you!
You die...

##.♣♣♣.P.♣♣♣♣.♣♣♣.♣♣.♣.♣..
♣P.♣# #.♣♣
..♣.♣....♣.♣....♣♣♣♣.♣♣♣♣.♣.
#.♣
...♣♣♣♣.)##..♣♣♣.P.♣§.§PP.♣♣.
..# ♣♣####♣.♣ ###P♣♣§###...
#.# #†# #...§..... #.# #.#
########.# #.# # #.# #.# #.#
#...####.## #.. #.#
#....o.@..# ### #.#
###*####..# # .# #..# # #..#
# .... .###### #..## .......
#..# ....... ... #######


You could see an orc warrior (ally target) and a friendly fulminant prism.

Vanquished Creatures
  A hornet (D:7)
  Prince Ribbit (D:7)
  A wyvern (D:7)
  A steam dragon (D:6)
  An ice beast (D:6)
  A sky beast (D:7)
  3 black bears
  5 ogres
  2 centaurs
  3 phantoms
  A wyvern zombie (D:7)
  A water moccasin zombie (D:6)
  3 scorpions (D:5)
  A wyvern skeleton (D:7)
  2 bullfrog zombies
  A hound (D:5)
  2 jellies
  Crazy Yiuf (D:6)
  A centaur skeleton (D:5)
  2 gnoll shamans
  Jessica (D:3)
  2 bullfrog skeletons
  An iguana (D:6)
  Terence (D:3)
  Natasha (thrice) (D:4)
  3 orc wizards (D:7)
  A hound zombie (D:5)
  18 gnolls
  5 adders
  4 river rats (D:7)
  A shadow imp (D:5)
  3 white imps
  4 worms
  4 dart slugs
  4 orcs
  4 endoplasms
  3 giant cockroaches
  2 hobgoblins
  7 jackals
  4 quokkas
  6 ball pythons
  2 bats
  4 frilled lizards
  6 goblins
  8 kobolds
  5 rats
140 creatures vanquished.

Vanquished Creatures (others)
  6 fulminant prisms
  2 fungi (D:6)
  31 plants (D:7)
39 creatures vanquished.

Grand Total: 179 creatures vanquished

Notes
Turn   | Place    | Note
-------+----------+-------------------------------------------
     0 | D:1      | Armakuni the Deep Elf Conjurer began the quest for the Orb.
     0 | D:1      | Reached XP level 1. HP: 10/10 MP: 6/6
   286 | D:1      | Reached XP level 2. HP: 15/15 MP: 4/8
   289 | D:1      | Learned a level 2 spell: Searing Ray
   682 | D:1      | Found Xyulagg's Antique Weapon Emporium.
   973 | D:2      | Reached skill level 4 in Spellcasting
   978 | D:2      | Reached skill level 5 in Conjurations
   978 | D:2      | Reached XP level 3. HP: 19/19 MP: 8/10
  1183 | D:2      | Found Matzaome's Assorted Antiques.
  1806 | D:3      | Noticed Jessica
  1808 | D:3      | Killed Jessica
  1809 | D:3      | Reached XP level 4. HP: 24/24 MP: 12/12
  1936 | D:3      | Noticed Terence
  1948 | D:3      | Killed Terence
  1949 | D:3      | Reached skill level 5 in Spellcasting
  1949 | D:3      | Reached skill level 1 in Evocations
  2496 | D:3      | Reached XP level 5. HP: 28/28 MP: 14/14
  2501 | D:3      | Learned a level 4 spell: Iskenderun's Mystic Blast
  2671 | D:4      | Noticed a black bear
  2672 | D:4      | Noticed Natasha
  2680 | D:4      | Killed Natasha
  2746 | D:4      | Killed a black bear
  2747 | D:4      | Reached skill level 1 in Translocations
  2833 | D:4      | Noticed an ogre
  2834 | D:4      | Found a staircase to the Ecumenical Temple.
  2838 | D:4      | Killed an ogre
  2839 | D:4      | Reached XP level 6. HP: 32/32 MP: 16/16
  2846 | Temple   | Entered the Ecumenical Temple
  2894 | Temple   | Became a worshipper of Vehumet
  2964 | D:4      | Noticed Natasha
  2968 | D:4      | Killed Natasha
  2971 | D:4      | Found a basalt altar of Yredelemnul.
  2972 | D:4      | Identified the +10 flail "Janlaewei" {antimagic, Fragile
                  | rPois Dex+3}
  2996 | D:4      | Noticed Natasha
  3001 | D:4      | Reached skill level 6 in Spellcasting
  3002 | D:4      | Killed Natasha
  3159 | D:4      | Learned a level 4 spell: Fulminant Prism
  3205 | D:4      | Found a blossoming altar of Fedhas.
  3227 | D:4      | Reached skill level 1 in Hexes
  3227 | D:4      | Reached XP level 7. HP: 26/36 MP: 18/18
  3801 | D:5      | Entered Level 5 of the Dungeon
  4180 | D:5      | Reached skill level 7 in Spellcasting
  4337 | D:5      | Reached * piety under Vehumet
  4337 | D:5      | Offered knowledge of Shock by Vehumet.
  4338 | D:5      | Reached XP level 8. HP: 26/41 MP: 17/20
  4808 | D:5      | Reached skill level 5 in Evocations
  5120 | D:5      | Reached skill level 8 in Spellcasting
  5413 | D:5      | Found a burning altar of Makhleb.
  5452 | D:6      | Found a glowing silver altar of Zin.
  5747 | D:6      | Found a runed translucent door.
  5748 | D:6      | Noticed Crazy Yiuf
  5753 | D:6      | Killed Crazy Yiuf
  5825 | D:6      | Reached skill level 9 in Spellcasting
  6010 | D:6      | Reached XP level 9. HP: 18/45 MP: 18/24
  6492 | D:2      | Bought a twisted glowing staff for 252 gold pieces
  6668 | D:6      | Offered knowledge of Freeze by Vehumet.
  6848 | D:7      | Reached ** piety under Vehumet
  6854 | D:7      | Reached skill level 10 in Spellcasting
  7353 | D:7      | Noticed Prince Ribbit
  7359 | D:7      | Killed Prince Ribbit
  7589 | D:7      | Reached skill level 11 in Spellcasting
  7589 | D:7      | Reached skill level 10 in Conjurations
  7668 | D:7      | Hit by a boomerang thrown by an orc warrior

Illustrated notes

Levels and vault maps discovered:
D:1:      onia_arrival_mini_spirals, layout_basic, serial_shops,
          nicolae_shop_advertising_works [nicolae_subvault_shop_adworks]
D:2:      layout_rooms, serial_shops, shop
D:3:      layout_basic, kennysheep_generic_room_8, uniq_jessica, uniq_terence
D:4:      layout_cave_pools, mainiacjoe_overflow_catch_the_wave,
          minmay_temple_entry_drinking_statues, uniq_natasha
D:5:      layout_cave_pods, general_overflow_altar
D:6:      layout_cave_pools, mainiacjoe_overflow_24_doors, hangedman_decor_push,
          uniq_crazy_yiuf_cottage
D:7:      wad_woods_tower, layout_loops_ring, evilmike_ruin_ashenzari,
          minmay_increasing_density, uniq_prince_ribbit1
Temple:   cyrus_temple_forest

Skill      XL: |  1  2  3  4  5  6  7  8  9 |
---------------+----------------------------+-----
Spellcasting   | 4 5 6 7 9 11 | 11.2
Conjurations   | 5 6 7 8 10 | 10.1
Evocations     | 1 2 3 4 5 |  5.0
Translocations | 2 3 4 |  4.0
Hexes          | 1 3 4 |  4.0
Dodging        | |  2.4
Stealth        | |  2.4

Action                   |  1- 3 |  4- 6 |  7- 9 || total
-------------------------+-------+-------+-------++-------
Melee: Mace              |       |       |     1 ||     1
       Long sword        |       |       |    12 ||    12
 Cast: Magic Dart        |    11 |       |       ||    11
       Searing Ray       |    30 |    28 |    70 ||   128
       Iskenderun's Myst |       |       |     7 ||     7
       Fulminant Prism   |       |       |     7 ||     7
Evoke: Wand              |       |     1 |     7 ||     8
  Use: Scroll            |     3 |     1 |     6 ||    10
       Potion            |       |       |     2 ||     2
Armor: Leather armour    |     5 |     5 |    27 ||    37
       Robe              |     2 |       |       ||     2
Dodge: Dodged            |    18 |    14 |    56 ||    88

Table legend: (Time is in decaauts)
 A = Elapsed time spent in this place.
 B = Non-inter-level travel time spent in this place.
 C = Inter-level travel time spent in this place.
 D = Time resting spent in this place.
 E = Time spent auto-exploring this place.
 F = Levels seen in this place.
 G = Mean time per level.
                   A        B        C        D        E       F      G
               +--------+--------+--------+--------+--------+-----+--------+
         Total |   7681 |   7178 |    503 |   2001 |   3866 |   8 |  960.1 |
       Dungeon |   7581 |   7117 |    464 |   2001 |   3819 |   7 | 1083.0 |
        Temple |     99 |     60 |     39 |      0 |     47 |   1 |   99.0 |
               +--------+--------+--------+--------+--------+-----+--------+

Top non-repeatable levels by time:
     D:5: 1620 daAuts
     D:6: 1274 daAuts
     D:4: 1241 daAuts
     D:1: 1132 daAuts
     D:3: 1067 daAuts
     D:7: 735 daAuts
     D:2: 509 daAuts
  Temple: 99 daAuts
